 Dungeon Crawl Stone Soup version 0.27-a0-1136-g0b992a5a9d (webtiles) character file.

Game seed: 5400833334115385621

7 DarkShadow the Skirmisher (level 1, 0/20 HPs)
             Began as a Minotaur Fighter on May 5, 2021.
             Slain by a hobgoblin (3 damage)
             ... on level 1 of the Dungeon.
             The game lasted 00:00:52 (141 turns).

DarkShadow the Skirmisher (Minotaur Fighter)         Turns: 141, Time: 00:00:53

Health: 0/20       AC:  7    Str: 20    XL:     1   Next: 83%
Magic:  0/0        EV:  7    Int:  5    God:
Gold:   10         SH:  9    Dex:  9    Spells: 0/0 levels left

rFire    . . .     SeeInvis .   a - +0 long sword
rCold    . . .     Faith    .   c - +0 kite shield
rNeg     . . .     Spirit   .   b - +0 scale mail
rPois    .         Reflect  .   (helmet restricted)
rElec    .         Harm     .   (no cloak)
rCorr    .         Rampage  .   (no gloves)
Will     .....                  (no boots)
Stlth    ..........             (no amulet)
HPRegen  0.06/turn              (no ring)
MPRegen  0.07/turn              (no ring)

@: no status effects
A: horns 2, retaliatory headbutt
a: no special abilities


You were on level 1 of the Dungeon.
You visited 1 branch of the dungeon, and saw 1 of its levels.

You collected 10 gold pieces.

Inventory:

Hand Weapons
 a - a +0 long sword (weapon)
Armour
 b - a +0 scale mail (worn)
 c - a +0 kite shield (worn)
Jewellery
 e - an amulet of magic regeneration
Scrolls
 f - a scroll of identify {unknown}
Potions
 d - a potion of might


   Skills:
 + Level 3.9 Fighting
 + Level 2.5 Long Blades
 + Level 3.7 Armour
 + Level 3.7 Shields


You couldn't memorise any spells.
You didn't know any spells.
Your spell library was empty.

Dungeon Overview and Level Annotations

Branches:
Dungeon (1/15)

Altars:


Innate Abilities, Weirdness & Mutations

You have a pair of horns on your head.
You reflexively headbutt those who attack you in melee.


Message History

You hit the hobgoblin but do no damage.
The hobgoblin hits you but does no damage.
You block the hobgoblin's attack. The kobold hits you but does no damage.
You block the hobgoblin's attack. x2; You block the kobold's attack.
You barely miss the hobgoblin. Your headbutt misses the hobgoblin.
The hobgoblin closely misses you.
You riposte.
You closely miss the hobgoblin.
The hobgoblin hits you but does no damage.
You block the kobold's attack.
You hit the hobgoblin.
You kill the hobgoblin!
The kobold hits you with a +0 short sword.
The quokka bites you but does no damage.
The hobgoblin closely misses you. You furiously retaliate!
You headbutt the hobgoblin. You block the hobgoblin's attack.
The kobold hits you with a +0 short sword.
You barely miss the hobgoblin. You headbutt the hobgoblin.
The hobgoblin is severely wounded.
The quokka bites you. You block the hobgoblin's attack.
The hobgoblin hits you but does no damage.
The quokka bites you.
The kobold hits you with a +0 short sword.
* * * LOW HITPOINT WARNING * * *
The hobgoblin hits you but does no damage.
You block the hobgoblin's attack.
You closely miss the hobgoblin.
The hobgoblin is heavily wounded.
The quokka bites you.
* * * LOW HITPOINT WARNING * * *
You block the kobold's attack. The hobgoblin hits you.
* * * LOW HITPOINT WARNING * * *
The hobgoblin barely misses you.
The quokka bites you but does no damage.
You block the kobold's attack. You block the hobgoblin's attack.
The quokka bites you but does no damage.
You block the hobgoblin's attack. You block the quokka's attack.
You block the hobgoblin's attack.
The quokka bites you but does no damage.
The hobgoblin hits you.
You die...

. ..... ##### .. .###..
#...# ... .#≈#.# #.8.#
.... #.###.# #...#
.....########..... #####
.............#..#
......)....g.#.######
..........Kg........#
...........r@.......# ##
######..............# ..
######....†..#########.#
#....###....#.PPP##
#...#..PP...#....P.
#..##P......#P..P..
#.#PP...P...#P.....
#.#......P.P_...P..
###.P.......#......


You could see a quokka, 2 hobgoblins and a kobold.

Vanquished Creatures
  A bat (D:1)
  A hobgoblin (D:1)
  4 kobolds (D:1)
  A rat (D:1)
7 creatures vanquished.

Notes
Turn   | Place    | Note
-------+----------+-------------------------------------------
     0 | D:1      | DarkShadow the Minotaur Fighter began the quest for the
                  | Orb.
     0 | D:1      | Reached XP level 1. HP: 19/19 MP: 0/0
    99 | D:1      | Found a faded altar of an unknown god.
   141 | D:1      | Slain by a hobgoblin

Illustrated notes

Levels and vault maps discovered:
D:1:      minmay_arrival_glassed_features, layout_basic,
          shapermc_ecumenical_altar_gd, serial_glass, glass_columns_a,
          glass_columns_b, due_unseen_surprise, feat_on_display,
          feat_on_display, kennysheep_crisscross

Action                   || total
-------------------------++-------
Melee: Long sword        ||    18
       Headbutt          ||     4
Armor: Scale mail        ||    18
Dodge: Dodged            ||     9
Block: Kite shield       ||    22
       Rpst.: Long sword ||     2

Table legend: (Time is in decaauts)
 A = Elapsed time spent in this place.
 B = Non-inter-level travel time spent in this place.
 C = Inter-level travel time spent in this place.
 D = Time resting spent in this place.
 E = Time spent auto-exploring this place.
 F = Levels seen in this place.
 G = Mean time per level.
                   A        B        C        D        E       F      G
               +--------+--------+--------+--------+--------+-----+--------+
         Total |    150 |    150 |      0 |      0 |    100 |   1 |  150.0 |
       Dungeon |    150 |    150 |      0 |      0 |    100 |   1 |  150.0 |
               +--------+--------+--------+--------+--------+-----+--------+

Top non-repeatable levels by time:
     D:1: 150 daAuts
